 Dungeon Crawl Stone Soup version 0.19-a0-1384-gbb462ca (webtiles) character file.

8 jacquesderrida the Caller (level 2, 19/19 HPs)
             Began as a Demonspawn Summoner on Sept 3, 2016.
             Quit the game on level 3 of the Dungeon.
             The game lasted 00:01:07 (232 turns).

jacquesderrida the Caller (Demonspawn Summoner)      Turns: 232, Time: 00:01:08

Health: 19/19      AC:  2    Str:  8    XL:     2   Next: 0%
Magic:  1/5        EV: 12    Int: 16    God:
Gold:   15         SH:  0    Dex: 13    Spells: 1 memorised, 4 levels left

rFire  . . .     SeeInvis .     d - +0 whip
rCold  . . .     Gourm    .     a - +0 robe
rNeg   . . .     Faith    .     (no shield)
rPois  .         Spirit   .     (no helmet)
rElec  .         Dismiss  .     (no cloak)
rCorr  .         Reflect  .     (no gloves)
MR     .....     Harm     .     (no boots)
Stlth  ++........               (no amulet)
                                (no ring)
                                (no ring)

@: no status effects
A: claws 1
a: no special abilities


You were on level 3 of the Dungeon.
You were not hungry.

You visited 1 branch of the dungeon, and saw 3 of its levels.

You collected 15 gold pieces.

Inventory:

Hand Weapons
 d - a +0 whip (weapon)
Armour
 a - a +0 robe (worn)
Scrolls
 e - a scroll of remove curse {unknown}
 g - a scroll of enchant weapon {unknown}
 h - a scroll of fog {unknown}
Potions
 f - a potion of might {unknown}
Books
 b - a book of Callings

   Spells                             Type                      Level
   a - Summon Small Mammal            Summoning                    1
   b - Call Imp                       Summoning                    2
   c - Call Canine Familiar           Summoning                    3
   d - Summon Guardian Golem          Hexes/Summoning              3
   e - Summon Lightning Spire         Summoning/Air                4
   f - Summon Ice Beast               Ice/Summoning                4
Comestibles
 c - 2 bread rations
 i - a beef jerky


   Skills:
 - Level 1.7 Dodging
 - Level 1.7 Stealth
 - Level 2.0 Spellcasting
 + Level 4.4 Summonings


You had 4 spell levels left.
You knew the following spells:

 Your Spells              Type           Power        Failure   Level  Hunger
a - Summon Small Mammal   Summ           ###.         4%          1    #......


Dungeon Overview and Level Annotations

Branches:
Dungeon (3/15)

Altars:
Cheibriados

Annotations:
D:3 Jessica


Innate Abilities, Weirdness & Mutations

You have sharp fingernails.


Message History

Unknown command.
Your rat bites the orc.
The orc dies!
Your quokka bites the orc.
The orc misses your rat.
The orc hits your quokka with a short sword.
Your rat closely misses the orc.
Your quokka bites the orc.
The orc dies!
Your bat completely misses the orc.
The orc barely misses your bat. Jessica hits your quokka with a club.
Your quokka dies!
Your quokka's corpse disappears in a puff of smoke!
Your bat hits the orc.
Your rat bites the orc.
The orc hits your rat.
Your rat bites the orc.
The quokka closely misses your bat.
Your bat hits the orc.
The orc dies!
You have reached level 2!
You feel monstrous as your demonic heritage exerts itself.
Your demonic ancestry asserts itself...
Your fingernails lengthen.
Are you sure you want to abandon this character and quit the game? (Confirm with "yes".)

..........†.###
.#######......##
..####.......#
#.#....#####..#
#.#...## .o##..
#.#...# .o.# .
#.#...# o..#
#.##.#...# o..#
#...@....## ..#
#.......#...r##'##..#
#.########..boo....#
##.@r....## ##.....##
#######


You could see an orc wizard, Jessica, an orc, a quokka, a friendly bat and a
friendly rat.

Vanquished Creatures
  A kobold (D:2)
  A bat (D:1)
2 creatures vanquished.

Vanquished Creatures (collateral kills)
  3 orcs (D:3)
  A goblin (D:2)
  A kobold (D:1)
  A rat (D:3)
6 creatures vanquished.

Grand Total: 8 creatures vanquished

Notes
Turn   | Place    | Note
-------+----------+-------------------------------------------
     0 | D:1      | jacquesderrida the Demonspawn Summoner began the quest for the Orb.
     0 | D:1      | Reached XP level 1. HP: 13/13 MP: 3/3
   119 | D:2      | Found a snail-covered altar of Cheibriados.
   221 | D:3      | Noticed Jessica
   221 | D:3      | Noticed an orc wizard
   231 | D:3      | Gained mutation: You have sharp fingernails. [demonic ancestry]
   231 | D:3      | Reached XP level 2. HP: 19/19 MP: 1/5
   232 | D:3      | Quit the game

Vault maps used:
D:1:      eino_arrival_tree_alley
D:2:      lightli_temple_of_fire, cheibriados_altar_1
D:3:      overflow_temple_1_default, fedhas_altar_4, first_bread,
          serial_corexii_hall, corexii_hall_statues_i, corexii_hall_statues_s,
          corexii_hall_statues_deadend, kennysheep_jessica_study, uniq_terence

Action                   || total
-------------------------++-------
Melee: Whip              ||     5
 Cast: Summon Small Mamm ||     9
Armor: Robe              ||     3
Dodge: Dodged            ||     3
